Map: Base du roi Sejong EC

Players

Nilou - Winner!

  • Race: Terran Terran
  • League: Diamond

IA (élite)

  • Race: Zerg Zerg

VOD

Have the link to the VOD?

Description

Time

  • Played on: June 18, 2016, 6:33 a.m.
  • Length: 6:47
Show
View Real Time Build Order
Export as new Build Order

Nilou Terran - Winner!

Build Orders:  

Get SALT Encoding   

  12  0:00  SCV  
  13  0:13  SCV  
  14  0:17  Supply Depot  
  14  0:25  SCV  
  15  0:39  SCV  
  15  0:40  Barracks  
  16  0:44  Refinery  
  16  0:51  SCV  
  17  1:03  SCV  
  18  1:15  SCV  
  19  1:27  SCV  
  19  1:28  Reaper  
  21  1:35  Command Center  
  21  1:43  Orbital Command  
  21  1:59  Supply Depot  
  21  2:00  Barracks Reactor  
  21  2:09  SCV  
  22  2:21  Factory  
  22  2:24  SCV  
  22  2:28  Refinery  
  23  2:32  Barracks  
  23  2:36  SCV  
  24  2:40  Marine x2  
  26  2:47  Orbital Command  
  26  2:48  SCV  
  27  3:02  SCV  
  28  3:07  Factory  
  28  3:16  Hellion x2, SCV x2  
  28  3:19  Barracks Tech Lab  
  34  3:20  Barracks Tech Lab  
  34  3:26  Supply Depot  
  34  3:28  Bunker, SCV  
  34  3:34  SCV  
  36  3:39  Marauder, Concussive Shells  
  40  3:41  Hellion  
  40  3:43  Hellion  
  40  3:45  SCV  
  43  3:50  Marauder  
  43  3:51  SCV  
  43  3:55  Supply Depot  
  46  3:58  Hellion  
  48  4:05  Hellion x2  
  48  4:06  SCV  
  48  4:08  SCV  
  56  4:17  Marauder  
  56  4:19  Supply Depot  
  56  4:20  Armory  
  56  4:23  Marauder  
  58  4:27  Supply Depot  
  58  4:30  Hellion  
  60  4:33  Hellion  
  62  4:41  SCV x2  
  62  4:44  Supply Depot  
  64  4:53  SCV x2  
  64  4:56  Hellion x3  
  64  4:57  Marauder  
  74  5:00  Marauder  
  74  5:05  SCV  
  73  5:30  Marauder x2, Hellion  
  73  5:31  Hellion x2, SCV x2  
  79  5:38  Command Center  
  73  5:53  Supply Depot  
  73  5:55  Refinery  
  73  5:56  Refinery  
  73  5:58  Engineering Bay x2  
  73  5:59  Factory Tech Lab  
  73  6:01  Barracks  
  73  6:02  Marauder x2  
  73  6:04  Barracks  
  77  6:10  Hellion x2, SCV  
  78  6:26  SCV x2  
  77  6:38  Supply Depot  
Show
View Real Time Build Order
Export as new Build Order

IA (élite) Zerg 

Build Orders: Hatch First 

Get SALT Encoding   

  12  0:00  Drone  
  13  0:12  Overlord  
  13  0:17  Drone  
  14  0:30  Drone x2  
  14  0:34  Drone  
  17  0:54  Hatchery  
  17  0:56  Drone  
  17  1:12  Spawning Pool  
  17  1:14  Drone  
  17  1:18  Extractor  
  16  1:19  Drone  
  16  1:24  Drone  
  18  1:27  Drone  
  19  1:38  Overlord  
  19  1:49  Drone  
  20  1:58  Queen  
  20  1:59  Zergling x2  
  23  2:06  Drone  
  24  2:13  Queen  
  26  2:19  Drone  
  27  2:26  Drone  
  27  2:27  Extractor  
  27  2:28  Drone  
  28  2:31  Drone  
  29  2:39  Drone  
  29  2:44  Zergling x2  
  29  2:51  Roach Warren, Drone  
  29  2:56  Drone  
  30  2:59  Zergling x2  
  30  3:02  Zergling x2  
  32  3:09  Overlord  
  32  3:13  Drone  
  32  3:16  Drone  
  34  3:31  Roach  
  34  3:33  Roach  
  38  3:34  Roach x2  
  42  3:42  Lair  
  42  3:46  Overlord  
  42  3:52  Overlord  
  42  3:56  Zergling x2  
  42  3:57  Zergling x2  
  44  4:05  Drone x2, Zergling x2  
  44  4:07  Drone  
  48  4:10  Drone  
  48  4:13  Drone  
  50  4:18  Overlord  
  50  4:22  Roach  
  52  4:25  Roach  
  52  4:29  Roach  
  56  4:32  Roach  
  56  4:35  Overlord  
  58  4:42  Drone  
  58  4:43  Hydralisk Den  
  58  4:44  Drone  
  59  4:46  Drone  
  59  4:49  Roach  
  59  4:52  Roach  
  64  4:56  Overlord  
  64  5:03  Drone  
  64  5:05  Drone  
  67  5:07  Drone  
  67  5:08  Drone  
  67  5:10  Drone  
  67  5:13  Drone  
  71  5:14  Drone  
  71  5:15  Hydralisk  
  71  5:17  Hydralisk  
  75  5:21  Overlord  
  75  5:23  Drone  
  75  5:25  Drone  
  75  5:27  Zergling x2  
  73  5:29  Drone  
  73  5:30  Zergling x2  
  73  5:32  Drone  
  63  5:37  Roach x2  
  57  5:43  Roach x2, Drone  
  57  5:47  Roach  
  57  5:51  Roach  
  55  5:58  Hydralisk  
  55  6:01  Roach  
  57  6:06  Roach  
  57  6:11  Roach  
Tags
 
Add a new tag
Caveats
  • Supply blocks, unpowered buildings, or Contaminate may cause inaccurate times.
  • Supply counts are checked every 10 seconds.